 Dungeon Crawl Stone Soup version 0.30-a0-137-gd8773701ce (webtiles) character file.

Game seed: 9015703711161396555

156 jimonade the Shooter (level 5, -6/38 HPs)
             Began as a Formicid Hunter on Sept 23, 2022.
             Was an Initiate of Okawaru.
             Mangled by a gnoll
             ... wielding a +0 scythe
              (9 damage)
             ... on level 4 of the Dungeon.
             The game lasted 00:08:12 (2802 turns).

jimonade the Shooter (Formicid Hunter)              Turns: 2802, Time: 00:08:13

Health: -6/38      AC:  6    Str: 15    XL:     5   Next: 65%
Magic:  5/5        EV: 11    Int:  9    God:    Okawaru [......]
Gold:   210        SH:  0    Dex: 19    Spells: 4/4 levels left

rFire   . . .      SeeInvis +    q - +1 sling (vorpal)
rCold   . . .      Faith    .    (no shield)
rNeg    . . .      Spirit   .    r - +0 ring mail
rPois   .          Reflect  .    (helmet unavailable)
rElec   .          Harm     .    (no cloak)
rCorr   .          Rampage  .    (no gloves)
Will    .....                    g - +0 pair of boots
Stlth   +.........               (no amulet)
HPRegen 0.12/turn                (no ring)
MPRegen 0.09/turn                (no ring)

@: no status effects
A: permanent stasis, dig shafts and tunnels, antennae 3, four strong arms
a: Dig, Shaft Self, Renounce Religion


You were on level 4 of the Dungeon.
You worshipped Okawaru.
Okawaru was noncommittal.
You visited 2 branches of the dungeon, and saw 5 of its levels.

You collected 210 gold pieces.

Inventory:

Hand Weapons
 a - a +0 shortbow
 j - a +0 rapier
 l - a +1 dagger of flaming
 q - a +1 vorpal sling (weapon)
Missiles
 y - 2 poisoned darts
Armour
 c - a +0 leather armour
 g - a +0 pair of boots (worn)
 r - a +0 ring mail (worn)
 s - a +0 chain mail
Jewellery
 f - an amulet of faith
 u - a +6 ring of intelligence
Scrolls
 b - a scroll of immolation
 d - a scroll of teleportation {unknown}
 e - a scroll of poison {unknown}
 h - 2 scrolls of vulnerability {unknown}
 i - a scroll of torment {unknown}
 m - a scroll of silence {unknown}
 p - a scroll of acquirement {unknown}
 t - 3 scrolls of identify {unknown}
 w - a scroll of enchant weapon {unknown}
 x - 2 scrolls of amnesia {unknown}
Potions
 k - 2 potions of lignification {unknown}
 n - a potion of curing {unknown}
 o - 2 potions of heal wounds {unknown}
 v - a potion of haste {unknown}


   Skills:
 - Level 2.1 Fighting
 + Level 6.5 Ranged Weapons
 - Level 1.7 Dodging
 - Level 1.2 Stealth


You had 4 spell levels left.
You didn't know any spells.
Your spell library contained the following spells:

 Spells                   Type           Power      Damage    Failure   Level
 Gell's Gravitas          Tloc           0%         N/A       94%         3
 Teleport Other           Tloc           0%         N/A       94%         3
 Dispersal                Tloc           0%         N/A       100%        6


Dungeon Overview and Level Annotations

Branches:
Dungeon (4/15)             Temple (1/1) D:4

Altars:
Ashenzari
Dithmenos
Elyvilon
Fedhas
Gozag
Kikubaaqudgha
Nemelex Xobeh
Okawaru
Qazlal
Trog
Uskayaw
Wu Jian
Lugonu


Innate Abilities, Weirdness & Mutations

You cannot be hasted, slowed, berserked, paralysed or teleported.
You can dig through walls and to a lower floor.
You have a pair of large antennae on your head. (SInv)
Your four strong arms can wield two-handed weapons with a shield.


Message History

You are too injured to fight recklessly!
Fire: q) +1 sling (vorpal)
Press: ? - help, Q - select action, (/) - cycle Shift-Dir - straight line, f/p - gnoll
Aim: a gnoll, wielding a +0 scythe and wearing a +0 robe (heavily wounded, 68% to hit)
You shoot a sling bullet.
The sling bullet hits the gnoll but does no damage.
The gnoll is heavily wounded.
The gnoll hits you but does no damage.
Fire: q) +1 sling (vorpal)
Press: ? - help, Q - select action, (/) - cycle Shift-Dir - straight line, f/p - gnoll
Aim: a gnoll, wielding a +0 scythe and wearing a +0 robe (heavily wounded, 68% to hit)
You shoot a sling bullet. The sling bullet hits the gnoll.
The gnoll is severely wounded.
The gnoll barely misses you.
Fire: q) +1 sling (vorpal)
Press: ? - help, Q - select action, (/) - cycle Shift-Dir - straight line, f/p - gnoll
Aim: a gnoll, wielding a +0 scythe and wearing a +0 robe (severely wounded, 68% to hit)
You shoot a sling bullet.
The sling bullet closely misses the gnoll.
The scorpion barely misses you.
The gnoll hits you from afar with a +0 scythe!
* * * LOW HITPOINT WARNING * * *
The scorpion stings you.
* * * LOW HITPOINT WARNING * * *
The gnoll completely misses you.
Fire: q) +1 sling (vorpal)
Press: ? - help, Q - select action, (/) - cycle Shift-Dir - straight line, f/p - gnoll
Aim: a gnoll, wielding a +0 scythe and wearing a +0 robe (severely wounded, 68% to hit)
You shoot a sling bullet.
The sling bullet closely misses the gnoll.
The scorpion misses you. The gnoll hits you but does no damage.
Okay, then.
Are you sure you want to shaft yourself?
The scorpion stings you.
* * * LOW HITPOINT WARNING * * *
The gnoll hits you but does no damage.
You begin to dig a shaft.
You continue digging a shaft.
The scorpion stings you but does no damage.
The gnoll hits you from afar with a +0 scythe!
You die...

#.....##.....# ...####....#
#......##...## .#... ......
+.......#...#...+..........
#.....#.........#....
###.....#########+#.
........# ....
............#######.....
........................
..............).@s..>...
........####..g.........
........# #............
........#..'..#+########
#......#..#..........
#.....#####..........
#.....'..............
#.....#..............
#.....#.)............


You could see a scorpion and a gnoll.

Vanquished Creatures
  A hound (D:3)
  A gnoll (D:4)
  4 adders
  3 worms
  7 ball pythons
  6 bats
  7 endoplasms
  3 giant cockroaches
  4 goblins
  8 hobgoblins
  3 jackals (D:4)
  4 quokkas
  4 frilled lizards
  5 kobolds
  4 rats
64 creatures vanquished.

Notes
Turn   | Place    | Note
-------+----------+-------------------------------------------
     0 | D:1      | jimonade the Formicid Hunter began the quest for the Orb.
     0 | D:1      | Reached XP level 1. HP: 16/16 MP: 1/1
   155 | D:1      | Reached XP level 2. HP: 22/22 MP: 2/2
   231 | D:1      | Found a faded altar of an unknown god.
   453 | D:1      | Reached XP level 3. HP: 27/27 MP: 3/3
   516 | D:1      | Reached skill level 5 in Ranged Weapons
  1057 | D:2      | Reached XP level 4. HP: 24/33 MP: 4/4
  1961 | D:3      | Found an ornate altar of the Wu Jian Council.
  1969 | D:3      | Reached skill level 6 in Ranged Weapons
  1969 | D:3      | Reached XP level 5. HP: 38/38 MP: 5/5
  2075 | D:3      | Found a blossoming altar of Fedhas.
  2098 | D:3      | Found a stormy altar of Qazlal.
  2638 | D:4      | Found a shadowy altar of Dithmenos.
  2664 | D:4      | Found a staircase to the Ecumenical Temple.
  2673 | Temple   | Entered the Ecumenical Temple
  2701 | Temple   | Became a worshipper of Warmaster Okawaru
  2802 | D:4      | Mangled by a gnoll

Illustrated notes

Levels and vault maps discovered:
D:1:      amcnicky_arrival_flooded_fountain, layout_basic,
          basic_ecumenical_altar
D:2:      wander_river, layout_rooms
D:3:      layout_basic, lemuel_crystal_altar,
          mainiacjoe_overflow_surrounded_room, nicolae_qazlal_scattered_showers,
          serial_curves, eino_curves_03, eino_curves_04, eino_curves_03,
          eino_curves_01, minmay_misc_feat_alley
D:4:      layout_gridville, grunt_dithmenos_smoke_and_mirrors,
          minmay_temple_entry_waves, serial_shops, nicolae_shop_waterfront,
          sigmund_army
Temple:   corrupted_temple

Skill      XL: |  1  2  3  4 |
---------------+-------------+-----
Ranged Weapons | 5 6 |  6.5
Fighting       | |  2.1
Dodging        | |  1.7
Stealth        | |  1.2

Action                   |  1- 3 |  4- 6 || total
-------------------------+-------+-------++-------
 Fire: Shortbow          |    81 |    51 ||   132
       Sling             |       |    48 ||    48
 Abil: Shaft Self        |       |     1 ||     1
Armor: Leather armour    |    12 |     2 ||    14
       Ring mail         |       |     7 ||     7
Dodge: Dodged            |    15 |    26 ||    41

Table legend: (Time is in decaauts)
 A = Elapsed time spent in this place.
 B = Non-inter-level travel time spent in this place.
 C = Inter-level travel time spent in this place.
 D = Time resting spent in this place.
 E = Time spent auto-exploring this place.
 F = Levels seen in this place.
 G = Mean time per level.
                   A        B        C        D        E       F      G
               +--------+--------+--------+--------+--------+-----+--------+
         Total |   2869 |   2652 |    217 |      0 |   2114 |   5 |  573.8 |
       Dungeon |   2829 |   2623 |    206 |      0 |   2095 |   4 |  707.2 |
        Temple |     40 |     29 |     11 |      0 |     19 |   1 |   40.0 |
               +--------+--------+--------+--------+--------+-----+--------+

Top non-repeatable levels by time:
     D:1: 992 daAuts
     D:3: 934 daAuts
     D:2: 748 daAuts
     D:4: 154 daAuts
  Temple: 40 daAuts
